 Dungeon Crawl Stone Soup version 0.18.1-50-g88ac8fd (webtiles) character file.

284 KarmaPolice the Sneak (level 6, -2/41 HPs)
             Began as a Vampire Enchanter on Sept 27, 2016.
             Was a Follower of Kikubaaqudgha.
             Killed from afar by an orc wizard (4 damage)
             ... with a magic dart
             ... on level 4 of the Dungeon.
             The game lasted 00:10:27 (3846 turns).

KarmaPolice the Sneak (Vampire Enchanter)           Turns: 3846, Time: 00:10:27

Health: -2/41      AC:  8    Str:  8    XL:     6   Next: 7%
Magic:  0/11       EV: 12    Int: 18    God:    Kikubaaqudgha [*.....]
Gold:   141        SH:  0    Dex: 15    Spells: 4 memorised, 3 levels left

rFire  . . .     SeeInvis +     a - +1 dagger
rCold  + . .     Gourm    .     v - +3 leather armour
rNeg   + + .     Faith    .     (no shield)
rPois  +         Spirit   .     (no helmet)
rElec  .         Dismiss  .     w - +1 cloak
rCorr  .         Reflect  .     (no gloves)
SustAt .         Harm     .     (no boots)
MR     .....                    (no amulet)
Stlth  +++++.....               (no ring)
                                h - ring of stealth

@: regenerating slowly, slowed, very slow, not resistant to hostile
enchantments, quite stealthy
A: fangs 3, see invisible, unbreathing
a: Bat Form, Receive Corpses, Renounce Religion


You were on level 4 of the Dungeon.
You worshipped Kikubaaqudgha.
Kikubaaqudgha was aware of your devotion.
You were thirsty.

You visited 1 branch of the dungeon, and saw 4 of its levels.

You collected 141 gold pieces.

Inventory:

Hand Weapons
 a - a +1 dagger (weapon)
 r - a cursed -3 short sword
Armour
 v - a +3 leather armour (worn)
 w - a +1 cloak (worn)
Jewellery
 h - a ring of stealth (left hand)
Wands
 y - a wand of teleportation (3/9)
Scrolls
 b - a scroll of identify {unknown}
 e - 2 scrolls of teleportation
 g - a scroll of random uselessness {unknown}
 i - a scroll of fog {unknown}
 k - 2 scrolls of fear {unknown}
 l - a scroll of noise {unknown}
 m - 2 scrolls of remove curse
 n - a scroll of immolation {unknown}
 o - 2 scrolls of enchant armour {unknown}
 A - a scroll of blinking {unknown}
Potions
 d - 4 potions of blood
 j - a potion of resistance {unknown}
 p - a potion of ambrosia {unknown}
 q - a potion of invisibility {unknown}
 u - 2 potions of curing {unknown}
 z - 2 potions of cure mutation {unknown}
Books
 c - a book of Maledictions

   Spells                             Type                      Level
   a - Corona                         Hexes                        1
   b - Ensorcelled Hibernation        Hexes/Ice                    2
   c - Confuse                        Hexes                        3
   d - Tukima's Dance                 Hexes                        3
   e - Dazzling Spray                 Conjuration/Hexes            3
 x - Kikubaaqudgha's Collected Works on Sinister Rites
   (Kikubaaqudgha gifted it to you on level 3 of the Dungeon)

   Spells                             Type                      Level
   a - Pain                           Necromancy                   1
   b - Corpse Rot                     Necromancy                   2
   c - Sublimation of Blood           Necromancy                   2
   d - Vampiric Draining              Necromancy                   3
   e - Control Undead                 Necromancy                   4


   Skills:
 + Level 3.2 Short Blades
 - Level 2.1 Dodging
 + Level 6.4 Stealth
 + Level 3.6 Spellcasting
 + Level 6.0 Hexes


You had 3 spell levels left.
You knew the following spells:

 Your Spells              Type           Power        Failure   Level  Hunger
a - Corona                Hex            ####...      1%          1    None
b - Ensorcelled Hibernat  Hex/Ice        ##....       12%         2    ##.....
c - Confuse               Hex            ####....     8%          3    ###....
d - Tukima's Dance        Hex            ####....     8%          3    ###....


Dungeon Overview and Level Annotations

Branches:
Dungeon (4/15)
 Temple: D:4-7

Altars:
Cheibriados
Kikubaaqudgha
Ru
Trog


Innate Abilities, Weirdness & Mutations

You heal slowly.
You have razor-sharp teeth.
You have supernaturally acute eyesight.
You can survive without breathing.


Message History

The magic dart hits you!
* * * LOW HITPOINT WARNING * * *
The orc wizard points at you and mumbles some strange words.
The magic dart hits you!
* * * LOW HITPOINT WARNING * * *
The orc wizard casts a spell at you. The magic dart hits you!
* * * LOW HITPOINT WARNING * * *
The orc wizard casts a spell.
The orc wizard blinks!
Casting: Ensorcelled Hibernation
Confirm with . or Enter, or press ? or * to list all spells.
Aiming: Ensorcelled Hibernation
Press: ? - help, Shift-Dir - straight line, f/p - orc wizard
Aim: an orc wizard, wielding a dagger of venom and wearing a runed robe (fast, chance to defeat MR: 45%)
The orc wizard resists with almost no effort.
The orc wizard gestures at you while chanting.
The magic dart hits you!
You die...
Kikubaaqudgha rasps: "You have failed me!
Welcome... oblivion!"

... #.#....######.....#..
....###.#.........##....###
...#...#.#..####.##...)# #
..........#.## #.##....#.#
....#.###.#.# #....>.....
..........#o# #######....
.###.#...#.# #....
...#...#.# #.... .......@.#
##### #..#o..### #.....##
#.##### #. .


You could see an orc wizard and an orc.

Vanquished Creatures
  2 orc priests (D:4)
  Crazy Yiuf (D:3)
  Ijyb (D:3)
  Jessica (D:2)
  2 worker ants
  2 adders
  3 worms
  A dart slug (D:1)
  A giant gecko (D:3)
  5 orcs
  2 bat zombies (D:2)
  6 giant cockroaches
  9 hobgoblins
  3 jackals (D:1)
  A quokka (D:3)
  3 bats
  A giant newt (D:3)
  4 goblins
  11 kobolds
  4 rats
  2 rat zombies (D:2)
65 creatures vanquished.

Notes
Turn   | Place    | Note
--------------------------------------------------------------
     0 | D:1      | KarmaPolice the Vampire Enchanter began the quest for the Orb.
     0 | D:1      | Reached XP level 1. HP: 13/13 MP: 3/3
   226 | D:1      | Reached XP level 2. HP: 2/19 MP: 3/5
   238 | D:1      | Learned a level 2 spell: Ensorcelled Hibernation
  1179 | D:2      | Reached skill level 5 in Stealth
  1233 | D:2      | Reached XP level 3. HP: 24/24 MP: 6/6
  1238 | D:2      | Learned a level 3 spell: Confuse
  1609 | D:2      | Found an ancient bone altar of Kikubaaqudgha.
  1628 | D:2      | Became a worshipper of Kikubaaqudgha
  1680 | D:2      | Noticed Jessica
  1687 | D:2      | Killed Jessica
  1687 | D:2      | Reached skill level 5 in Hexes
  1760 | D:2      | Found a snail-covered altar of Cheibriados.
  2022 | D:2      | Found a sacrificial altar of Ru.
  2046 | D:2      | Reached XP level 4. HP: 22/30 MP: 8/8
  2331 | D:3      | Noticed Ijyb
  2354 | D:3      | Killed Ijyb
  2670 | D:3      | Noticed Crazy Yiuf
  2675 | D:3      | Killed Crazy Yiuf
  2675 | D:3      | Reached XP level 5. HP: 35/35 MP: 6/9
  2790 | D:3      | Reached * piety under Kikubaaqudgha
  2790 | D:3      | Received a gift from Kikubaaqudgha
  2791 | D:3      | Identified Kikubaaqudgha's Collected Works on Sinister Rites (Kikubaaqudgha gifted it to you on level 3 of the Dungeon)
  2796 | D:3      | Learned a level 3 spell: Tukima's Dance
  3497 | D:4      | Found a bloodstained altar of Trog.
  3821 | D:4      | Reached XP level 6. HP: 41/41 MP: 0/11
  3844 | D:4      | HP: 1/41 [orc wizard/magic dart (4)]
  3846 | D:4      | Killed from afar by an orc wizard

Skill      XL: |  1  2  3  4  5 |
---------------+----------------+-----
Stealth        | 5 6 |  6.4
Hexes          | 5 6 |  6.0
Short Blades   | 2 3 |  3.2
Spellcasting   | 3 |  3.6
Dodging        | |  2.1

Action                   |  1- 3 |  4- 6 || total
-------------------------+-------+-------++-------
Melee: Dagger            |   120 |    93 ||   213
       Bite              |    10 |     6 ||    16
 Cast: Corona            |     2 |       ||     2
       Ensorcelled Hiber |     2 |    17 ||    19
 Abil: End Transformatio |     1 |     2 ||     3
       Bat Form          |     1 |     2 ||     3
  Use: Potion            |     1 |     1 ||     2
       Scroll            |       |     2 ||     2
 Stab: Sleeping          |     7 |    26 ||    33
       Distracted        |     1 |       ||     1
  Eat: Corpse            |       |     1 ||     1
Armor: Robe              |    29 |     4 ||    33
       Leather armour    |       |     4 ||     4
Dodge: Dodged            |    75 |    45 ||   120
